 Dungeon Crawl Stone Soup version 0.14-a0-2939-ge0b1554 (webtiles) character file.

2378 Egon the Covert (level 9, -6/42 HPs)
             Began as a Felid Transmuter on Mar 3, 2014.
             Was an Elder of Nemelex Xobeh.
             Killed from afar by an electric eel (13 damage)
             ... with a bolt of electricity
             ... on Level 9 of the Dungeon.
             The game lasted 01:27:04 (18456 turns).

Egon the Covert (Felid Transmuter)                 Turns: 18456, Time: 01:27:05

HP  -6/42        AC  2     Str  6      XL: 9   Next:  3%
MP  20/20        EV 26     Int 20      God: Nemelex Xobeh [****..]
Gold 360         SH  0     Dex 19      Spells:  2 memorised, 10 levels left
Lives: 0, deaths: 2

rFire  . . .     SeeInvis +       - Unarmed
rCold  . . .     Clarity  .     (armour unavailable)
rNeg   . . .     Conserve .     (shield unavailable)
rPois  .         rCorr    .     (helmet unavailable)
rElec  .         rRot     .     (cloak unavailable)
SustAb . .       Spirit   .     (gloves unavailable)
rMut   .         Warding  .     (boots unavailable)
Saprov . . .     Stasis   .     (no amulet)
MR     +....                    (no ring)
                                i - +5 ring of intelligence

@: appendage (expiring), exhausted, quick, somewhat resistant to hostile
enchantments, extremely stealthy
A: paw claws, no armour, no weapons or thrown items, fangs 3, horns 2, see
invisible, carnivore 3, speed 1, shaggy fur 2, slow metabolism 1, jump 2
a: Jump Attack, End Transformation, Draw One, Peek at Two, Triple Draw, Deal
Four, Renounce Religion


You were on level 9 of the Dungeon.
You worshipped Nemelex Xobeh.
Nemelex Xobeh was greatly pleased with you.
You were not hungry.
You had grown temporary horns.
You visited 2 branches of the dungeon, and saw 10 of its levels.

You collected 360 gold pieces.

Inventory:

Magical devices
 b - a wand of heal wounds (6)
 c - a wand of fire (4)
 q - a wand of frost (3)
 r - a wand of slowing (12)
Comestibles
 a - 6 meat rations
Scrolls
 k - a scroll of teleportation
Jewellery
 i - a +5 ring of intelligence (left paw)
Potions
 e - 3 potions of curing
 l - a potion of berserk rage
 m - a potion of resistance
 p - a potion of heal wounds


   Skills:
 + Level 6.9 Fighting
 + Level 9.1 Dodging
 + Level 9.7 Stealth
 + Level 7.6 Unarmed Combat
 - Level 2.0 Spellcasting
 - Level 2.1 Transmutations
 + Level 4.6 Evocations


You had 10 spell levels left.
You knew the following spells:

 Your Spells              Type           Power        Failure   Level  Hunger
a - Beastly Appendage     Trmt           ##....       10%         1    #......
b - Magic Dart            Conj           #...         17%         1    #......


Dungeon Overview and Level Annotations

Branches:
Dungeon (9/16)             Temple (1/1) D:6
    Orc: D:9-12        Lair: D:8-11

Altars:
Ashenzari
Cheibriados
Dithmenos
Elyvilon
Fedhas
Kikubaaqudgha
Makhleb
Nemelex Xobeh
Okawaru
Sif Muna
Trog
Vehumet
Xom
Yredelemnul
Zin
The Shining One

Shops:
D:5 =

Annotations:
D:8 Kae's ghost, experienced TeFE


Innate Abilities, Weirdness & Mutations

You cannot wear armour.
You are incapable of wielding weapons or throwing items.
Your paws have sharp claws.
You have razor-sharp teeth.
You have supernaturally acute eyesight.
You are carnivorous and can eat meat at any time.
You cover ground quickly.
You are covered in thick fur (AC +2).
You have a slow metabolism.
You can jump attack at a medium distance.
You have a pair of horns on your head.


Message History

Press: ? - help, Dir - move target cursor, f - wyvern
Aim: a wyvern You jump-attack the wyvern!
You barely miss the wyvern. Your bite misses the wyvern.
You feel somewhat more hungry. The wyvern completely misses you.
You scratch the wyvern.
The wyvern begins to bleed from its wounds!
You headbutt the wyvern.
The wyvern is moderately wounded.
The wyvern misses you.
You closely miss the wyvern. You claw the wyvern.
The wyvern is moderately wounded.
The wyvern completely misses you. The wyvern bites you!
* * * LOW HITPOINT WARNING * * *
Your transformation is almost over.
The wyvern is no longer bleeding.
The electric eel shoots out a bolt of electricity!
The bolt of electricity hits you!
You die...
Your body disappears without a glow.

. ♣♣ .. ###♣≈♣
... #..?;
####.###.#.
..........♣♣
###..>.....♣♣#♣
!.......)....<.♣
####.##@####..♣
#.####..♣♣)≈
#.D.........
######......
#...... .......
#####... ..


You could see a wyvern and an electric eel.

Vanquished Creatures
  A vapour (D:5)
  Grinder (D:4)
  A two-headed ogre (D:4)
  A vampire mosquito (D:7)
  A hippogriff (D:7)
  Edmund (D:4)
  6 ogres
  A sky beast (D:9)
  2 ice beasts (D:5)
  A centaur (D:5)
  A giant frog (D:8)
  A water moccasin (D:8)
  4 wights (D:8)
  5 killer bees
  A hippogriff skeleton (D:5)
  A quasit (D:8)
  A goliath beetle (D:7)
  2 crimson imps (D:7)
  3 hounds
  A jelly (D:5)
  An orc priest (D:4)
  A gnoll shaman (D:5)
  An iguana (D:4)
  4 orc wizards
  An orange rat (D:7)
  6 worker ants
  A crocodile skeleton (D:8)
  9 adders
  8 gnolls
  4 green rats (D:7)
  4 worms
  2 adder skeletons
  3 giant eyeballs
  5 giant geckos
  An ooze (D:2)
  31 orcs
  A ball python (D:1)
  13 bats
  14 hobgoblins
  19 jackals
  23 kobolds
  6 giant cockroaches
  10 giant newts
  2 giant spores (D:8)
  16 goblins
  A hobgoblin skeleton (D:7)
  3 orc skeletons
  7 quokkas
  31 rats
  2 rat skeletons (D:4)
  23 ballistomycetes (D:8)
289 creatures vanquished.

Vanquished Creatures (collateral kills)
  Joseph (D:7)
  The ghost of uri the Cleaver, an experienced DDBe of Trog (D:5)
  Prince Ribbit (D:7)
  A vampire mosquito (D:7)
  2 goliath beetles
  An orc wizard (D:7)
  A hound skeleton (D:7)
  2 orcs (D:7)
10 creatures vanquished.

Vanquished Creatures (others)
  A komodo dragon (D:7)
  A yak (D:7)
  3 vampire mosquitoes (D:7)
  A kobold (D:9)
  A giant spore (D:8)
7 creatures vanquished.

Grand Total: 306 creatures vanquished

Notes
Turn   | Place    | Note
--------------------------------------------------------------
     0 | D:1      | Egon, the Felid Transmuter, began the quest for the Orb.
     0 | D:1      | Reached XP level 1. HP: 9/9 MP: 4/4
   334 | D:1      | Reached skill level 1 in Stealth
   334 | D:1      | Reached XP level 2. HP: 12/12 MP: 3/5
  1132 | D:1      | Reached XP level 3. HP: 15/15 MP: 6/8
  1744 | D:1      | Found a glowing golden altar of the Shining One.
  2211 | D:2      | Reached XP level 4. HP: 19/19 MP: 8/10
  3734 | D:2      | Reached skill level 4 in Unarmed Combat
  4686 | D:3      | Reached XP level 5. HP: 23/23 MP: 10/12
  4799 | D:3      | Found a basalt altar of Yredelemnul.
  4799 | D:3      | Found a shimmering altar of Xom.
  5126 | D:3      | Found a glowing golden altar of the Shining One.
  5291 | D:3      | Found a glowing golden altar of the Shining One.
  5389 | D:3      | Found a basalt altar of Yredelemnul.
  5389 | D:3      | Found a shimmering altar of Xom.
  6165 | D:3      | Found a shimmering altar of Xom.
  6493 | D:4      | Noticed Edmund
  6850 | D:4      | Gained mutation: You are covered in thick fur (AC +2). [growing up]
  6850 | D:4      | Gained mutation: You can jump attack at a medium distance. [growing up]
  6850 | D:4      | Reached XP level 6. HP: 28/28 MP: 12/14
  7142 | D:4      | HP: 1/28 [poisoned by an adder]
  7448 | D:4      | Noticed Grinder
  8026 | D:5      | Entered Level 5 of the Dungeon
  8070 | D:5      | Reached skill level 5 in Dodging
  8070 | D:5      | Reached skill level 5 in Stealth
  8462 | D:4      | Paralysed by Grinder for 3 turns
  9227 | D:5      | Slain by an ogre
  9228 | D:5      | Reached XP level 5. HP: -3/24 MP: 12/12
  9335 | D:5      | Reached XP level 6. HP: 14/28 MP: 14/14
  9337 | D:5      | Reached skill level 5 in Unarmed Combat
  9717 | D:5      | Noticed uri's ghost (experienced DDBe)
  9945 | D:5      | Found Teolie Nakh's Jewellery Boutique.
 10005 | D:5      | Reached skill level 6 in Stealth
 10005 | D:5      | Reached XP level 7. HP: 27/32 MP: 15/17
 10092 | D:5      | Learned a level 1 spell: Magic Dart
 10245 | D:5      | Paralysed by a giant eyeball for 4 turns
 10842 | D:4      | Killed Edmund
 11077 | D:4      | Killed Grinder
 11077 | D:4      | Reached skill level 7 in Stealth
 11258 | D:4      | Reached XP level 8. HP: 19/36 MP: 16/18
 11509 | D:4      | Noticed a two-headed ogre
 11594 | D:6      | Found a deep blue altar of Sif Muna.
 11619 | D:6      | Found a shadowy altar of Dithmenos.
 11678 | D:6      | Reached skill level 5 in Fighting
 11934 | D:6      | Found a staircase to the Ecumenical Temple.
 11964 | Temple   | Entered the Ecumenical Temple
 12188 | Temple   | Became a worshipper of Nemelex Xobeh
 12372 | D:1      | Received a gift from Nemelex Xobeh
 12981 | D:3      | Acquired Nemelex Xobeh's first power
 13135 | D:4      | Killed a two-headed ogre
 13135 | D:4      | Reached skill level 1 in Evocations
 13241 | D:4      | Acquired Nemelex Xobeh's second power
 13312 | D:4      | Reached skill level 8 in Stealth
 13314 | D:4      | Received a gift from Nemelex Xobeh
 13732 | D:5      | Received a gift from Nemelex Xobeh
 13760 | D:5      | Noticed a vapour
 13771 | D:5      | Killed a vapour
 14330 | D:5      | Killed uri's ghost
 14449 | D:6      | Acquired Nemelex Xobeh's third power
 15101 | D:7      | Reached XP level 9. HP: 41/41 MP: 19/19
 15233 | D:7      | Noticed Joseph
 15261 | D:7      | Killed Joseph
 15490 | D:7      | Noticed Prince Ribbit
 15503 | D:7      | Received a gift from Nemelex Xobeh
 15524 | D:7      | Killed Prince Ribbit
 15524 | D:7      | Reached skill level 9 in Stealth
 16585 | D:8      | Noticed Kae's ghost (experienced TeFE)
 16997 | D:8      | Acquired Nemelex Xobeh's fourth power
 17242 | D:7      | Killed themself with a badly aimed orb of electricity
 17243 | D:7      | Reached XP level 8. HP: -26/39 MP: 15/18
 18387 | D:9      | Reached XP level 9. HP: 42/42 MP: 20/20
 18456 | D:9      | Killed from afar by an electric eel

Action                   |  1- 3 |  4- 6 |  7- 9 || total
-------------------------+-------+-------+-------++-------
Melee: Unarmed           |   103 |   412 |   549 ||  1064
 Cast: Beastly Appendage |    21 |    77 |    67 ||   165
       Magic Dart        |       |       |     9 ||     9
Invok: Draw One          |       |       |    27 ||    27
 Abil: Jump Attack       |    13 |    42 |    30 ||    85
Evoke: Wand              |       |     6 |    15 ||    21
  Use: Potion            |       |     3 |     1 ||     4
       Scroll            |       |    13 |     6 ||    19
 Stab: Sleeping          |     3 |     7 |    12 ||    22
       Distracted        |       |     1 |     2 ||     3
